Map: Orbital Shipyard

Players

ILLBdA - Winner!

  • Race: Protoss Protoss
  • League: Diamond

hatibe

  • Race: Terran Terran
  • League: Diamond

VOD

Have the link to the VOD?

Description

Time

  • Played on: Dec. 24, 2015, 8:08 a.m.
  • Length: 5:26
Show
View Real Time Build Order
Export as new Build Order

ILLBdA Protoss - Winner!

Build Orders: Cannon Rush 

Get SALT Encoding   

  12  0:01  Probe (Chrono Boost)  
  13  0:11  Probe (Chrono Boost)  
  14  0:18  Pylon  
  14  0:22  Probe (Chrono Boost)  
  15  0:36  Probe (Chrono Boost)  
  15  0:38  Forge  
  16  0:47  Probe (Chrono Boost)  
  17  0:57  Probe (Chrono Boost)  
  18  1:13  Pylon  
  18  1:14  Pylon  
  18  1:22  Pylon  
  18  1:35  Photon Cannon  
  18  1:40  Photon Cannon  
  18  1:41  Gateway  
  18  1:48  Photon Cannon  
  18  1:59  Photon Cannon  
  18  2:08  Photon Cannon  
  18  2:16  Photon Cannon  
  18  2:28  Zealot (Chrono Boost)  
  20  2:31  Assimilator  
  20  2:39  Assimilator  
  20  2:42  Photon Cannon  
  20  2:46  Cybernetics Core  
  20  2:50  Probe  
  21  3:09  Pylon, Zealot (Chrono Boost)  
  23  3:22  Pylon  
  20  3:35  Stalker (Chrono Boost)  
  20  3:36  Probe  
  24  3:48  Probe  
  22  3:55  Gateway  
  22  4:11  Stalker (Chrono Boost)  
  24  4:37  Stalker (Chrono Boost)  
  28  4:47  Stalker (Chrono Boost)  
  25  4:54  Mothership Core  
Show
View Real Time Build Order
Export as new Build Order

hatibe Terran 

Build Orders: Liberator Opening 

Get SALT Encoding   

  12  0:01  SCV  
  13  0:13  SCV  
  14  0:17  Supply Depot  
  14  0:25  SCV  
  15  0:30  Refinery  
  15  0:39  SCV  
  16  0:44  Barracks  
  16  0:51  SCV  
  17  1:03  SCV  
  18  1:15  SCV  
  19  1:21  Refinery  
  19  1:27  SCV  
  20  1:35  Factory  
  20  1:40  Orbital Command  
  21  2:00  Refinery  
  20  2:08  Supply Depot  
  20  2:12  Supply Depot  
  21  2:16  Orbital Command  
  17  2:48  Starport  
  17  2:54  SCV  
  17  2:57  Refinery  
  17  2:58  Marine  
  14  3:25  SCV  
  15  3:36  Liberator  
  15  3:37  SCV  
  15  3:39  Bunker  
  16  3:46  Marine  
  17  4:04  Marine  
  18  4:15  SCV  
  17  4:27  SCV  
  16  4:44  Marine  
  16  4:52  SCV  
  16  5:02  Marine  
Tags
 
Add a new tag
Caveats
  • Supply blocks, unpowered buildings, or Contaminate may cause inaccurate times.
  • Supply counts are checked every 10 seconds.